 Dungeon Sprint DCSS version 0.28.0-53-g5a82cb258f (webtiles) character file.

Game seed: 14889276994416867855

3670 Zeld the Eclecticist (level 9, -7/45 HPs)
             Began as a Deep Elf Conjurer on June 6, 2022.
             Was a High Priest of Sif Muna.
             Killed from afar by a gargoyle (21 damage)
             ... with a stone arrow
             ... in the Dungeon (Sprint VII: "The Pits").
             The game lasted 00:03:27 (2261 turns).

Zeld the Eclecticist (Deep Elf Conjurer)            Turns: 2261, Time: 00:03:27

Health: -7/45      AC:  5    Str:  4    XL:     9   Next: 89%
Magic:  24/31      EV: 15    Int: 28    God:    Sif Muna [*****.]
Gold:   0          SH:  0    Dex: 13    Spells: 30/41 levels left

rFire   + . .      SeeInvis .   p - +4 quarterstaff (speed)
rCold   . . .      Faith    .   (shield currently unavailable)
rNeg    . . .      Spirit   .   h - +0 robe
rPois   .          Reflect  .   a - +0 helmet
rElec   .          Harm     .   o - +0 cloak
rCorr   .          Rampage  .   (no gloves)
Will    .....      NoTele   +   q - +0 pair of boots
Stlth   ++++......              (no amulet)
HPRegen 0.15/turn               (no ring)
MPRegen 0.22/turn               (no ring)

@: slowed, very slow
A: fire resistance 1, passive freeze, wild magic 1
a: Renounce Religion, Channel Magic, Forget Spell, Divine Exegesis


You were in the Dungeon.
You worshipped Sif Muna.
Sif Muna was extremely pleased with you.
You visited 1 branch

Inventory:

Hand Weapons
 p - a +4 quarterstaff of speed (weapon)
Armour
 a - a +0 helmet (worn)
 h - a +0 robe (worn)
 o - a +0 cloak (worn)
 q - a +0 pair of boots (worn)
Jewellery
 k - a +3 ring of protection
 n - a +3 ring of evasion
Wands
 s - a wand of flame (16)
Scrolls
 g - a scroll of blinking
 j - 5 scrolls of amnesia
Potions
 b - 6 potions of curing
 c - 8 potions of heal wounds
 d - 3 potions of haste
 e - 4 potions of magic
 f - 4 potions of berserk rage
 i - 2 potions of invisibility
 l - a potion of might
 m - a potion of brilliance
 r - a potion of mutation


   Skills:
 - Level 8.0 Dodging
 + Level 7.9 Stealth
 + Level 16.8 Spellcasting
 + Level 14.7 Conjurations
 - Level 2.0 Hexes
 - Level 2.0 Translocations
 - Level 12.0 Invocations


You had 30 spell levels left.
You knew the following spells:

 Your Spells              Type           Power      Damage    Failure   Level
a - Magic Dart            Conj           100%       1d8       1%          1
b - Searing Ray           Conj           100%       2d8       1%          2
c - Fulminant Prism       Conj/Hex       37%        3d18      1%          4
d - Iskenderun's Mystic   Conj/Tloc      75%        2d15      1%          4

Your spell library contained the following spells:

 Spells                   Type           Power      Damage    Failure   Level
 Conjure Flame            Conj/Fire      71%        6-21      1%          3
 Dazzling Flash           Conj/Hex       100%       N/A       1%          3
 Sticky Flame             Conj/Fire      71%        2d8       1%          4
 Ignite Poison            Fire/Tmut/Pois 30%        N/A       10%         3
 Animate Armour           Summ/Erth      60%        N/A       28%         4
 Agony                    Necr           30%        N/A       58%         5
 Death Channel            Necr           15%        N/A       98%         6
 Summon Cactus Giant      Summ           15%        N/A       98%         6
 Death's Door             Necr           15%        N/A       100%        9
 Dragon's Call            Summ           15%        N/A       100%        9


Dungeon Overview and Level Annotations

Branches:
Dungeon (1/1)

Altars:
Ashenzari
Cheibriados
Dithmenos
Elyvilon
Fedhas
Gozag
Hepliaklqana
Kikubaaqudgha
Makhleb
Nemelex Xobeh
Okawaru
Qazlal
Ru
Sif Muna
Trog
Uskayaw
Vehumet
Wu Jian
Xom
Yredelemnul
Zin
The Shining One
Beogh
Jiyva
Lugonu


Innate Abilities, Weirdness & Mutations

Your flesh is heat resistant. (rF+)
A frigid envelope surrounds you and freezes all who hurt you.
Your spells are a little harder to cast, but a little more powerful.


Message History

Unknown command.
Casting: Iskenderun's Mystic Blast (dangerous; 1% risk of failure)
Confirm with . or Enter, or press ? or * to list all spells.
You erupt in a blast of force!
The mystic blast hits the lindwurm!
The lindwurm is moderately wounded.
The lindwurm is knocked back by the mystic blast.
The lindwurm collides with the gargoyle!
The lindwurm is heavily wounded.
The mystic blast hits the steam dragon!!
You kill the steam dragon!
Sif Muna accepts your kill.
The steam dragon scales are intact enough to wear.
You feel less invigorated. The lindwurm breathes flames at you.
The blast of flame hits you! You resist.
Unknown command.
Casting: Iskenderun's Mystic Blast (dangerous; 1% risk of failure)
Confirm with . or Enter, or press ? or * to list all spells.
You erupt in a blast of force!
The mystic blast hits the lindwurm!
The lindwurm is severely wounded.
The lindwurm is knocked back by the mystic blast.
The lindwurm slams into the metal wall!
The lindwurm is almost dead.
Unknown command.
Unknown command.
Casting: Iskenderun's Mystic Blast (dangerous; 1% risk of failure)
Confirm with . or Enter, or press ? or * to list all spells.
You erupt in a blast of force!
The mystic blast hits the lindwurm!
You kill the lindwurm!
Sif Muna accepts your kill.
You see here a book of the Hunter.
Sif Muna grants you a gift!
The mystic blast hits the gargoyle!
The gargoyle is moderately damaged.
The gargoyle is knocked back by the mystic blast.
The gargoyle slams into the metal wall!
The gargoyle is moderately damaged.
The gargoyle hurls a stone arrow at you.
The stone arrow hits you!!
You die...

#.##................+
...'..).............+
####.)....#..#......#
[[##................#
))#####'#####''######
))##.......##''# ###
))##.......##..## ..#
..##.......##...## .§#
'###...<...###..@##'##..##
..##.......# ##..9.†.....#
..##.......# #..###Y###...
####.......##..## ...
..###########.. ....'
.############.. ...##9.
.#....#....###. '### .
'#....#..[.# ## Y.
.'....'.)).# Y#


You could see a gargoyle and a dream sheep.

Vanquished Creatures
  A sea snake (D)
  A bog body (D)
  A lindwurm (D)
  A black mamba (D)
  A troll (D)
  A shadow (D)
  A ynoxinul (D)
  A steam dragon (D)
  A warg (D)
  Duvessa (D)
  A floating eye (D)
  A water moccasin (D)
  A black bear (D)
  An orc warrior (D)
  An ice beast (D)
  A bullfrog (D)
  Dowan (D)
  A hound (D)
  A mummy (D)
  3 gnolls (D)
  An adder (D)
  A white imp (D)
  An ufetubus (D)
  3 orcs (D)
  A bat (D)
  4 endoplasms (D)
  A giant cockroach (D)
  A hobgoblin (D)
  A ball python (D)
  A rat (D)
37 creatures vanquished.

Vanquished Creatures (collateral kills)
  A sea snake (D)
  An orange demon (D)
2 creatures vanquished.

Vanquished Creatures (others)
  A fulminant prism (D)
1 creature vanquished.

Grand Total: 40 creatures vanquished

Notes
Turn   | Place    | Note
-------+----------+-------------------------------------------
     0 | D        | Zeld the Deep Elf Conjurer began the quest for the Orb.
     0 | D        | Reached XP level 1. HP: 10/10 MP: 6/6
    13 | D        | Reached skill level 1 in Hexes
    13 | D        | Reached skill level 1 in Translocations
    16 | D        | Found a bloodstained altar of Trog.
    16 | D        | Found a shimmering blue altar of Sif Muna.
    16 | D        | Found a viscous altar of Jiyva.
    16 | D        | Found a hazy altar of Hepliaklqana.
    16 | D        | Found an opulent altar of Gozag.
    17 | D        | Found a glowing golden altar of the Shining One.
    17 | D        | Found a glowing silver altar of Zin.
    17 | D        | Found a basalt altar of Yredelemnul.
    17 | D        | Found a shimmering altar of Xom.
    17 | D        | Found an ornate altar of the Wu Jian Council.
    17 | D        | Found a sacrificial altar of Ru.
    17 | D        | Found a stormy altar of Qazlal.
    17 | D        | Found an iron altar of Okawaru.
    17 | D        | Found a sparkling altar of Nemelex Xobeh.
    17 | D        | Found a burning altar of Makhleb.
    17 | D        | Found a blossoming altar of Fedhas.
    17 | D        | Found a white marble altar of Elyvilon.
    17 | D        | Found a shadowy altar of Dithmenos.
    17 | D        | Found a snail-covered altar of Cheibriados.
    18 | D        | Found a radiant altar of Vehumet.
    18 | D        | Found a corrupted altar of Lugonu.
    19 | D        | Found an ancient bone altar of Kikubaaqudgha.
    19 | D        | Found a hide-covered altar of Uskayaw.
    19 | D        | Found a broken altar of Ashenzari.
    20 | D        | Became a worshipper of Sif Muna the Loreminder
   365 | D        | Reached * piety under Sif Muna
   372 | D        | Reached skill level 4 in Spellcasting
   372 | D        | Reached skill level 5 in Conjurations
   372 | D        | Reached XP level 2. HP: 7/15 MP: 0/9
   521 | D        | Learned a level 2 spell: Searing Ray
   525 | D        | Noticed a water moccasin
   531 | D        | Reached ** piety under Sif Muna
   760 | D        | Killed a water moccasin
   761 | D        | Reached skill level 7 in Spellcasting
   761 | D        | Reached skill level 5 in Invocations
   761 | D        | Reached XP level 3. HP: 11/19 MP: 1/14
   761 | D        | Reached XP level 4. HP: 14/24 MP: 1/15
   766 | D        | Learned a level 4 spell: Fulminant Prism
   771 | D        | Learned a level 4 spell: Iskenderun's Mystic Blast
   884 | D        | Noticed Duvessa
   884 | D        | Noticed Dowan
   884 | D        | Noticed an orange demon
   885 | D        | Noticed a sea snake
   901 | D        | Killed a sea snake
   902 | D        | Reached skill level 12 in Spellcasting
   902 | D        | Reached skill level 10 in Conjurations
   902 | D        | Reached XP level 5. HP: 28/28 MP: 14/21
   902 | D        | Reached XP level 6. HP: 32/32 MP: 15/23
   902 | D        | Reached XP level 7. HP: 36/36 MP: 15/24
   905 | D        | Killed an orange demon
   905 | D        | Reached *** piety under Sif Muna
   906 | D        | Reached skill level 13 in Spellcasting
   906 | D        | Reached skill level 10 in Invocations
   988 | D        | Reached XP level 8. HP: 33/41 MP: 22/27
   988 | D        | Reached **** piety under Sif Muna
  1121 | D        | Reached ***** piety under Sif Muna
  1121 | D        | Received a gift from Sif Muna
  1462 | D        | Noticed a sea snake
  1468 | D        | Reached skill level 5 in Dodging
  1468 | D        | Reached skill level 14 in Spellcasting
  1575 | D        | Killed a sea snake
  1576 | D        | Reached skill level 15 in Spellcasting
  1576 | D        | Reached XP level 9. HP: 45/45 MP: 13/30
  1976 | D        | Gained mutation: Your flesh is heat resistant. (rF+)
                  | [potion of mutation]
  1976 | D        | Gained mutation: A frigid envelope surrounds you and
                  | freezes all who hurt you. [potion of mutation]
  1976 | D        | Gained mutation: Your spells are a little harder to cast,
                  | but a little more powerful. [potion of mutation]
  2133 | D        | Killed Duvessa
  2135 | D        | Killed Dowan
  2135 | D        | Received a gift from Sif Muna
  2138 | D        | Got Sif Muna's Reference Book on Supportive Evil {god gift}
  2246 | D        | Noticed a black mamba
  2248 | D        | Noticed a troll
  2249 | D        | Noticed a bog body
  2250 | D        | Killed a troll
  2251 | D        | Killed a black mamba
  2252 | D        | Reached skill level 16 in Spellcasting
  2254 | D        | Killed a bog body
  2255 | D        | Noticed a lindwurm
  2255 | D        | Noticed a gargoyle
  2261 | D        | Killed a lindwurm
  2261 | D        | Received a gift from Sif Muna
  2261 | D        | Killed from afar by a gargoyle

Illustrated notes

Levels and vault maps discovered:
D:        pitsprint [storerooms_1, entrance_room_1, metal_vault_5, armoury_2,
          mini_pit_1, grid_room_1, main_hall_1, silver_pit, the_coven_3,
          the_vestibule_1, steel_vault_1, golden_pit, hallway_of_sentries,
          crystal_vault_4, iron_vault_3, final_vault]

Skill      XL: |  1  2  3  4  5  6  7  8  9 |
---------------+----------------------------+-----
Hexes          | 2 |  2.0
Translocations | 2 |  2.0
Spellcasting   | 4 7 12 13 15 16 | 16.8
Conjurations   | 5 7 10 11 13 14 | 14.7
Invocations    | 2 5 9 11 12 | 12.0
Dodging        | 3 7 8 |  8.0
Stealth        | 7 |  7.9

Action                   |  1- 3 |  4- 6 |  7- 9 || total
-------------------------+-------+-------+-------++-------
Melee: Quarterstaff      |       |       |     3 ||     3
 Cast: Magic Dart        |    17 |       |       ||    17
       Searing Ray       |     2 |     1 |     4 ||     7
       Iskenderun's Myst |       |       |    33 ||    33
       Fulminant Prism   |       |       |     1 ||     1
Invok: Channel Magic     |       |       |     2 ||     2
  Use: Scroll            |       |     1 |       ||     1
       Potion            |       |       |     1 ||     1
Armor: Robe              |     2 |       |       ||     2
Dodge: Dodged            |     5 |     1 |    16 ||    22
